 Dungeon Crawl Stone Soup version 0.27-a0-1591-gc56fcc985a (webtiles) character file.

Game seed: 16557149245298401325

123 Mitsuki the Sneak (level 4, -2/23 HPs)
             Began as a Spriggan Delver on July 19, 2021.
             Was a Follower of Kikubaaqudgha.
             Killed from afar by an orc wizard (9 damage)
             ... with a puff of flame
             ... on level 3 of the Dungeon.
             The game lasted 00:25:15 (5602 turns).

Mitsuki the Sneak (Spriggan Delver)                 Turns: 5602, Time: 00:25:16

Health: -2/23      AC:  4    Str:  8    XL:     4   Next: 80%
Magic:  17/17      EV: 18    Int: 12    God:    Kikubaaqudgha [*.....]
Gold:   129        SH:  0    Dex: 16    Spells: 2/7 levels left

rFire    . . .     SeeInvis +   a - +0 short sword
rCold    . . .     Faith    .   (shield restricted)
rNeg     + . .     Spirit   .   v - +2 robe {rN+}
rPois    .         Reflect  .   (helmet restricted)
rElec    .         Harm     .   (no cloak)
rCorr    .         Rampage  .   (gloves unavailable)
Will     .....                  (boots unavailable)
Stlth    ++++......             (no amulet)
HPRegen  0.07/turn              i - ring of magical power
MPRegen  0.15/turn              l - ring of wizardry

@: very quick
A: very small, no large weapons, unfitting armour, see invisible, speed 3
a: Renounce Religion, Receive Corpses


You were on level 3 of the Dungeon.
You worshipped Kikubaaqudgha.
Kikubaaqudgha was aware of your devotion.
You visited 2 branches of the dungeon, and saw 6 of its levels.

You collected 129 gold pieces.

Inventory:

Hand Weapons
 a - a +0 short sword (weapon)
Armour
 v - a +2 robe of positive energy (worn)
Jewellery
 i - a ring of magical power (left hand)
 l - a ring of wizardry (right hand)
 s - a ring of wizardry
Wands
 g - a wand of digging (3)
Scrolls
 c - 2 scrolls of fog
 d - 2 scrolls of magic mapping
 e - a scroll of fear
 j - a scroll of amnesia {unknown}
 k - a scroll of vulnerability {unknown}
 m - 4 scrolls of identify {unknown}
 q - a scroll of enchant weapon {unknown}
 r - a scroll of teleportation {unknown}
 t - a scroll of silence {unknown}
Potions
 f - a potion of haste
 h - 2 potions of attraction {unknown}
 n - a potion of brilliance {unknown}
 u - a potion of berserk rage {unknown}


   Skills:
 + Level 2.7 Fighting
 + Level 2.8 Short Blades
 + Level 3.3 Dodging
 - Level 7.6 Stealth
 + Level 2.2 Spellcasting
 * Level 2.2 Necromancy


You had 2 spell levels left.
You knew the following spells:

 Your Spells              Type           Power      Damage    Failure   Level
a - Animate Skeleton      Necr           12%        N/A       4%          1
b - Vampiric Draining     Necr           3%         2d6       13%         3
c - Pain                  Necr           24%        1d5       4%          1

Your spell library contained the following spells:

 Spells                   Type           Power      Damage    Failure   Level
 Sublimation of Blood     Necr           3%         N/A       6%          2
 Stone Arrow              Conj/Erth      2%         3d7       32%         3
 Animate Armour           Summ/Erth      2%         N/A       69%         4
 Lehudib's Crystal Spear  Conj/Erth      0%         10d2      100%        8


Dungeon Overview and Level Annotations

Branches:
Dungeon (5/15)             Temple (1/1) D:5

Altars:
Ashenzari
Cheibriados
Elyvilon
Fedhas
Gozag
Kikubaaqudgha
Makhleb
Nemelex Xobeh
Okawaru
Ru
Sif Muna
Trog
Uskayaw
Vehumet
Wu Jian
Xom
Zin
The Shining One

Shops:
D:1 =

Portals:
Abyss: D:4

Annotations:
D:3 Grinder
D:4 2 transporters, mokwee's ghost, amateur OpVM


Innate Abilities, Weirdness & Mutations

You are very small and have problems with some larger weapons.
You are too small for most types of armour.
You have supernaturally acute eyesight. (SInv)
You cover ground extremely quickly. (Speed+++)


Message History

The ufetubus completely misses you. x2
You take 2 damage, and have 21/23 hp.
The ball python hisses angrily.
The ufetubus hits you but does no damage.
The ufetubus closely misses you.
The orc wizard casts a spell.
The orc wizard flickers and vanishes for a moment.
In your confused state, you trip and fall back down the stairs.
The ufetubus closely misses you. x2; The orc wizard closely misses you.
The ufetubus closely misses you. The ufetubus completely misses you.
The orc wizard gestures at you while chanting.
The puff of flame misses you.
The puff of flame hits the ufetubus!
The ufetubus is burned terribly!
The ufetubus dies!
You take 1 damage, and have 20/23 hp.
The ball python closely misses you. x2; The orc wizard barely misses you.
The orc hits you with a +0 club. The orc wizard barely misses you.
The ball python completely misses you. The ball python misses you.
The lemure closely misses you.
You climb upwards.
Level annotation: Grinder
There is a stone staircase leading down here.
You take 2 damage, and have 18/23 hp.
You hit the orc.
The orc is severely wounded.
You feel less confused.
The orc wizard gestures at you while chanting.
You easily resist.
The orc misses you. The ball python barely misses you.
The ball python closely misses you.
The orc wizard hits you with a +0 dagger.
You take 2 damage, and have 16/23 hp.
The orc wizard misses you. The orc wizard closely misses you.
The orc wizard points at you and mumbles some strange words.
The magic dart hits you!
You take 9 damage, and have 7/23 hp.
MASSIVE DAMAGE!!
The orc wizard casts a spell at you. The puff of flame hits you!
You die...
Kikubaaqudgha rasps: "You have failed me!
Welcome... death!"

######..........# #........##.#
#...............# #............
#...............# #............
#...............#########.......
#...............#...............
#...............#.#######.......
#.............[.#.# ##......
#.........o.....#.########......
####..>...So...@................
#......5o....#.########......
#..............# #......
#.......######## #......
#.......####### #......
#.....^.......# #......
#.............# ######.
#.............# #.
#.............# ##


You could see a lemure, 2 orc wizards, an orc and a ball python.

Vanquished Creatures
  Jessica (D:3)
  2 gnolls
  2 worms
  A dart slug (D:1)
  4 orcs
  4 bats
  5 endoplasms
  A giant cockroach (D:2)
  6 goblins
  5 hobgoblins
  4 jackals
  3 quokkas
  6 ball pythons
  10 frilled lizards
  6 kobolds
  3 rats
63 creatures vanquished.

Vanquished Creatures (collateral kills)
  A ball python (D:2)
1 creature vanquished.

Vanquished Creatures (others)
  An ufetubus (D:4)
  3 plants
4 creatures vanquished.

Grand Total: 68 creatures vanquished

Notes
Turn   | Place    | Note
-------+----------+-------------------------------------------
     0 | D:5      | Mitsuki the Spriggan Delver began the quest for the Orb.
     0 | D:5      | Reached XP level 1. HP: 11/11 MP: 2/2
    58 | D:5      | Noticed an iguana
    76 | D:5      | Found a staircase to the Ecumenical Temple.
    85 | Temple   | Entered the Ecumenical Temple
   248 | Temple   | Became a worshipper of Kikubaaqudgha
   335 | D:5      | Noticed an ice beast
   344 | D:5      | Noticed an iguana
   686 | D:5      | Noticed a water moccasin zombie
   704 | D:4      | Noticed an orc wizard
   704 | D:4      | Noticed a hound
   704 | D:4      | Noticed an orc wizard
   717 | D:4      | Found a one-way gate to the infinite horrors of the Abyss.
   717 | D:4      | Found a transporter.
   717 | D:4      | Noticed mokwee's ghost (amateur OpVM)
   718 | D:4      | Noticed an ancient zyme
   733 | D:4      | Found a transporter.
   999 | D:3      | Reached XP level 2. HP: 16/16 MP: 3/3
  1120 | D:3      | Noticed Jessica
  1123 | D:3      | Killed Jessica
  1124 | D:3      | Reached skill level 1 in Spellcasting
  1124 | D:3      | Reached skill level 1 in Necromancy
  1124 | D:3      | Reached XP level 3. HP: 19/19 MP: 6/6
  1419 | D:3      | Noticed Grinder
  1525 | D:1      | Found Inemmaj's Jewellery Shop.
  1993 | D:1      | Reached * piety under Kikubaaqudgha
  1993 | D:1      | Received a gift from Kikubaaqudgha
  2104 | D:1      | Learned a level 1 spell: Animate Skeleton
  2271 | D:1      | Reached XP level 4. HP: 21/23 MP: 7/7
  2657 | D:1      | Found a faded altar of an unknown god.
  2752 | D:1      | Learned a level 3 spell: Vampiric Draining
  3988 | D:4      | Noticed a lemure
  4805 | D:2      | Learned a level 1 spell: Pain
  5303 | D:4      | Noticed a lemure
  5587 | D:4      | Noticed a lemure
  5591 | D:4      | Noticed a lemure
  5602 | D:3      | Killed from afar by an orc wizard

Illustrated notes

Levels and vault maps discovered:
D:1:      psy_arrival_basics, layout_loops_cross,
          shapermc_ecumenical_altar_hornbeckon, serial_shops, shop,
          st_stairs_12, minmay_misc_feat_hallway, minmay_lizard_king
D:2:      layout_loops_ring, serial_bayou_lagoon_b
D:3:      layout_basic, uniq_jessica, uniq_grinder
D:4:      layout_basic, gammafunk_temple_overflow_statue,
          gammafunk_ghost_abyssal_escape, st_stairs_1, uniq_pikel
D:5:      layout_loops_corners, minmay_temple_entry_tees, grunt_decor_clamped,
          roderic_cross_of_infinity
Temple:   regret_index_temple_mists

Skill      XL: |  1  2  3  4 |
---------------+-------------+-----
Spellcasting   | 1 2 |  2.2
Necromancy     | 1 2 |  2.2
Dodging        | 3 |  3.3
Fighting       | |  2.7
Short Blades   | |  2.8
Stealth        | |  7.6

Action                   |  1- 3 |  4- 6 || total
-------------------------+-------+-------++-------
Melee: Short sword       |   109 |   105 ||   214
 Cast: Animate Skeleton  |     1 |     5 ||     6
       Pain              |       |     8 ||     8
 Stab: Sleeping          |    11 |     7 ||    18
       Distracted        |       |     1 ||     1
Armor: Robe              |    15 |    10 ||    25
Dodge: Dodged            |    89 |    89 ||   178

Table legend: (Time is in decaauts)
 A = Elapsed time spent in this place.
 B = Non-inter-level travel time spent in this place.
 C = Inter-level travel time spent in this place.
 D = Time resting spent in this place.
 E = Time spent auto-exploring this place.
 F = Levels seen in this place.
 G = Mean time per level.
                   A        B        C        D        E       F      G
               +--------+--------+--------+--------+--------+-----+--------+
         Total |   4614 |   4426 |    188 |   1937 |   1498 |   6 |  769.0 |
       Dungeon |   4441 |   4268 |    173 |   1937 |   1375 |   5 |  888.2 |
        Temple |    173 |    158 |     15 |      0 |    122 |   1 |  173.0 |
               +--------+--------+--------+--------+--------+-----+--------+

Top non-repeatable levels by time:
     D:2: 1631 daAuts
     D:1: 1178 daAuts
     D:3: 1144 daAuts
     D:5: 420 daAuts
  Temple: 173 daAuts
     D:4: 66 daAuts
